 Dungeon Crawl Stone Soup version 0.21.1-1-g345015fe64 (webtiles) character file.

11728 Oravi the Slinger (level 12, -5/86 HPs)
             Began as a Halfling Hunter on Apr 18, 2018.
             Was an Elder of Okawaru.
             Slain by an orc warrior
             ... wielding a +0 trident
              (14 damage)
             ... on level 10 of the Dungeon.
             The game lasted 00:58:15 (12681 turns).

Oravi the Slinger (Halfling Hunter)                Turns: 12681, Time: 00:58:15

Health: -5/86      AC:  9    Str: 17    XL:     12   Next: 11%
Magic:  24/24      EV: 31    Int:  9    God:    Okawaru [****..]
Gold:   140        SH: 12    Dex: 25    Spells: 11/11 levels left

rFire    + + .     SeeInvis .   b - +1 dagger (venom)
rCold    + . .     Gourm    .   z - +0 shield
rNeg     . . .     Faith    .   s - +0 leather armour {rF+}
rPois    +         Spirit   .   (no helmet)
rElec    .         Reflect  .   F - +2 cloak {rPois}
rCorr    .         Harm     .   (no gloves)
MR       .....                  h - +0 pair of boots
Stlth    ++++++....             (no amulet)
HPRegen  0.24/turn              E - ring of protection from cold
MPRegen  0.19/turn              o - ring of Xom's Capriciousness {rF+ MP+9 Str+4 Stlth+}

@: agile, heroism, flying, drained
A: small, mutation resistance 1
a: Heroism, Renounce Religion


You were on level 10 of the Dungeon.
You worshipped Okawaru.
Okawaru was greatly pleased with you.
You were not hungry.

You visited 2 branches of the dungeon, and saw 11 of its levels.

You collected 500 gold pieces.
You spent 360 gold pieces at shops.

Inventory:

Hand Weapons
 a - a +2 hunting sling
 b - a +1 dagger of venom (weapon)
 l - a +0 short sword
 r - a +0 dagger of draining
Missiles
 d - 87 sling bullets
 m - 49 stones (quivered)
Armour
 g - a scarf of cloud immunity
 h - a +0 pair of boots (worn)
 s - a +0 leather armour of fire resistance (worn)
 z - a +0 shield (worn)
 F - a +2 cloak of poison resistance (worn)
Jewellery
 o - the ring of Xom's Capriciousness (right hand) {rF+ MP+9 Str+4 Stlth+}
   (You found it on level 6 of the Dungeon)

   [ring of protection from fire]

   It affects your strength (+4).
   It protects you from fire.
   It affects your magic capacity (+9).
   It makes you more stealthy.
 u - an uncursed ring of poison resistance
 E - a ring of protection from cold (left hand)
Wands
 y - a wand of flame (38)
 A - a wand of iceblast (7)
Scrolls
 c - a scroll of fog {unknown}
 e - a scroll of blinking {unknown}
 j - 3 scrolls of remove curse
 p - a scroll of teleportation
 q - 4 scrolls of identify
 v - a scroll of torment {unknown}
Potions
 k - 2 potions of brilliance
 n - a potion of flight
 w - a potion of berserk rage {unknown}
 x - 4 potions of degeneration {unknown}
 B - a potion of cancellation {unknown}
 C - a potion of might {unknown}
Comestibles
 f - 21 rations
 D - 13 chunks of flesh


   Skills:
 + Level 9.5(14.2) Fighting
 * Level 11.8(16.4) Short Blades
 - Level 12.6(17.3) Slings
 + Level 6.2(10.9) Armour
 + Level 7.3(12.0) Dodging
 - Level 1.1(5.8) Stealth
 + Level 3.3(8.0) Shields
 + Level 5.0(4.7) Invocations


You had 11 spell levels left.
You didn't know any spells.

Dungeon Overview and Level Annotations

Branches:
Dungeon (10/15)            Temple (1/1) D:5            Lair (0/6) D:10
    Orc (0/2) D:10

Altars:
Ashenzari
Cheibriados
Dithmenos
Fedhas
Gozag
Hepliaklqana
Kikubaaqudgha
Makhleb
Nemelex Xobeh
Okawaru
Qazlal
Ru
Sif Muna
Trog
Uskayaw
Vehumet
Wu Jian
Xom
Yredelemnul
Zin
The Shining One
Beogh

Shops:
D:6 !

Annotations:
D:10 P0ring's ghost, journeyman MiBe


Innate Abilities, Weirdness & Mutations

You are small and have problems with some larger weapons.
You are somewhat resistant to further mutation.


Message History

The orc warrior looks as sick as possible!
The orc warrior is heavily wounded.
You hit the orc warrior but do no damage.
The orc warrior looks as sick as possible!
The orc warrior is heavily wounded.
The orc warrior hits you with a trident!
* * * LOW HITPOINT WARNING * * *
You hit the orc warrior but do no damage.
The orc warrior is heavily wounded.
The orc warrior completely misses you.
It was a potion of flight.
You feel very buoyant.
You fly up into the air.
You block the orc warrior's attack.
It was a potion of agility.
You feel agile all of a sudden.
You hit the orc warrior but do no damage.
The orc warrior looks as sick as possible!
The orc warrior is heavily wounded.
The orc warrior hits you with a trident!
You die...

### ####>#...#
#....# #....#...###
#(...# #....###....
#....### #...##
#.###
_...#.###...## #.#
(..#.##.....# #.#
#(##(##..)..# #.#
#)##.###...## #.#
#o@(.# ##### #.# #
####.# #.# #.###
#)####.# #....
#....#.# #####
####.#.# # #.#.# #
#######.#.#########
#..)))).#..........
#.#################


You could see an orc warrior.

Vanquished Creatures
  A two-headed ogre (D:9)
  The ghost of Oravi the Slinger, a novice HaHu of Okawaru (D:7)
  A komodo dragon (D:10)
  2 trolls (D:10)
  Grinder (D:6)
  Prince Ribbit (D:6)
  3 hippogriffs
  Sigmund (D:5)
  A wyvern (D:8)
  Grum (D:9)
  4 yaks
  Eustachio (D:5)
  A hungry ghost (D:10)
  Menkaure (D:6)
  3 phantoms
  5 orc warriors (D:10)
  3 ice beasts
  A black bear (D:8)
  A sky beast (D:8)
  3 necrophages (D:9)
  8 ogres
  4 wolves (D:9)
  6 centaurs
  2 big kobolds (D:8)
  8 bullfrogs
  A wyvern zombie (D:9)
  2 scorpions
  11 killer bees (D:8)
  6 wights
  6 crimson imps
  A bullfrog skeleton (D:8)
  4 hounds
  4 jellies
  6 orc priests
  6 orc wizards
  Crazy Yiuf (D:5)
  4 iguanas
  10 worker ants
  A worker ant zombie (D:9)
  4 gnolls
  5 adders
  3 shadow imps
  5 oozes
  A worm (D:3)
  A dart slug (D:4)
  5 leopard geckos
  61 orcs
  A giant cockroach (D:10)
  10 goblins
  6 hobgoblins
  8 jackals
  3 quokkas
  7 bats
  A jackal skeleton (D:6)
  13 kobolds
  2 leopard gecko zombies
  A quokka skeleton (D:6)
  2 quokka zombies
  9 rats
275 creatures vanquished.

Vanquished Creatures (others)
  5 plants
5 creatures vanquished.

Grand Total: 280 creatures vanquished

Notes
Turn   | Place    | Note
-------+----------+-------------------------------------------
     0 | D:1      | Oravi the Halfling Hunter began the quest for the Orb.
     0 | D:1      | Reached XP level 1. HP: 14/14 MP: 1/1
   116 | D:1      | Reached skill level 6 in Slings
   346 | D:1      | Reached XP level 2. HP: 19/19 MP: 2/2
   804 | D:2      | Reached XP level 3. HP: 24/24 MP: 3/3
   997 | D:2      | Reached skill level 1 in Short Blades
  1187 | D:2      | Reached XP level 4. HP: 30/30 MP: 4/4
  1266 | D:3      | Reached skill level 7 in Slings
  1579 | D:3      | Noticed a moth of wrath
  1582 | D:3      | Found a bloodstained altar of Trog.
  1833 | D:3      | Found an ornate altar of the Wu Jian Council.
  2055 | D:4      | Noticed an ogre
  2130 | D:4      | Reached XP level 5. HP: 34/35 MP: 5/5
  2299 | D:4      | Noticed an ogre
  2315 | D:4      | Killed an ogre
  2315 | D:4      | Reached skill level 8 in Slings
  2315 | D:4      | Reached XP level 6. HP: 36/41 MP: 6/6
  2669 | D:4      | Killed an ogre
  2669 | D:4      | Reached skill level 9 in Slings
  2669 | D:4      | Reached skill level 1 in Armour
  2884 | D:5      | Entered Level 5 of the Dungeon
  2897 | D:5      | Reached XP level 7. HP: 43/46 MP: 7/7
  3034 | D:5      | Noticed Eustachio
  3138 | D:5      | Reached skill level 10 in Slings
  3272 | D:5      | Reached XP level 8. HP: 34/52 MP: 8/8
  3501 | D:5      | Noticed Sigmund
  3764 | D:5      | Found a staircase to the Ecumenical Temple.
  3772 | Temple   | Entered the Ecumenical Temple
  3779 | Temple   | Became a worshipper of Warmaster Okawaru
  4093 | D:5      | Reached skill level 11 in Slings
  4193 | D:5      | Reached skill level 5 in Short Blades
  4735 | D:6      | Noticed Grinder
  4766 | D:6      | Killed Grinder
  4766 | D:6      | Reached * piety under Okawaru
  4766 | D:6      | Reached XP level 9. HP: 59/59 MP: 9/9
  4779 | D:6      | Reached skill level 12 in Slings
  5039 | D:6      | Found a blossoming altar of Fedhas.
  5074 | D:6      | Found Bekurr's Distillery.
  5077 | D:6      | Bought a potion of mutation for 120 gold pieces
  5077 | D:6      | Bought a potion of mutation for 120 gold pieces
  5077 | D:6      | Gained mutation: You tend to lose your temper in combat. [potion of mutation]
  5077 | D:6      | Gained mutation: You have a somewhat thin skeletal structure. (Dex +2, Stealth) [potion of mutation]
  5077 | D:6      | Gained mutation: You have a pair of small horns on your head. [potion of mutation]
  5078 | D:6      | Lost mutation: You have a pair of small horns on your head. [potion of mutation]
  5078 | D:6      | Lost mutation: You tend to lose your temper in combat. [potion of mutation]
  5078 | D:6      | Gained mutation: You are occasionally teleported next to monsters. [potion of mutation]
  5078 | D:6      | Gained mutation: You have large cloven feet. [potion of mutation]
  5079 | D:6      | Bought a potion of mutation for 120 gold pieces
  5079 | D:6      | Lost mutation: You have large cloven feet. [potion of mutation]
  5079 | D:6      | Lost mutation: You are occasionally teleported next to monsters. [potion of mutation]
  5079 | D:6      | Lost mutation: You have a somewhat thin skeletal structure. (Dex +2, Stealth) [potion of mutation]
  5308 | D:6      | Noticed Menkaure
  5314 | D:6      | Killed Menkaure
  5471 | D:6      | Noticed Prince Ribbit
  5686 | D:6      | Reached skill level 10 in Short Blades
  5686 | D:6      | Reached skill level 5 in Armour
  5686 | D:6      | Reached XP level 10. HP: 69/69 MP: 9/13
  5719 | D:6      | Got a pitted lapis lazuli ring
  5720 | D:6      | Identified the ring of Xom's Capriciousness {rF+ MP+9 Str+4 Stlth+} (You found it on level 6 of the Dungeon)
  5766 | D:6      | Killed Prince Ribbit
  5766 | D:6      | Reached ** piety under Okawaru
  5926 | D:6      | Found a stormy altar of Qazlal.
  6597 | D:7      | You fall through a shaft for 2 floors!
  6678 | D:8      | Reached *** piety under Okawaru
  6847 | D:7      | Noticed Oravi's ghost (novice HaHu)
  6890 | D:7      | Killed Oravi's ghost
  6890 | D:7      | Reached XP level 11. HP: 45/77 MP: 14/14
  7068 | D:7      | Found a radiant altar of Vehumet.
  7625 | D:8      | Received a gift from Okawaru
  8401 | D:8      | Reached **** piety under Okawaru
  8809 | D:8      | Found a sacrificial altar of Ru.
  8917 | D:9      | Found a sacrificial altar of Ru.
  9043 | D:9      | Noticed a two-headed ogre
  9060 | D:9      | Killed a two-headed ogre
  9176 | D:9      | Found a shimmering altar of Xom.
  9431 | D:9      | Found an ancient bone altar of Kikubaaqudgha.
  9433 | D:9      | Found a sparkling altar of Nemelex Xobeh.
  9497 | D:9      | Noticed Grum
  9541 | D:9      | Killed Grum
  9838 | D:10     | Entered Level 10 of the Dungeon
  9844 | D:10     | Reached skill level 1 in Shields
  9992 | D:10     | Received a gift from Okawaru
 10334 | D:10     | Noticed P0ring's ghost (journeyman MiBe)
 10581 | D:5      | Killed Sigmund
 10700 | D:5      | Found a runed door.
 10705 | D:5      | Noticed Crazy Yiuf
 10707 | D:5      | Killed Crazy Yiuf
 10842 | D:5      | Killed Eustachio
 10842 | D:5      | Reached skill level 5 in Invocations
 11183 | D:10     | Reached XP level 12. HP: 35/86 MP: 15/15
 11443 | D:10     | Found a staircase to the Lair.
 11699 | D:10     | Found a staircase to the Orcish Mines.
 12468 | D:10     | Found a roughly hewn altar of Beogh.
 12504 | D:10     | Received a gift from Okawaru
 12681 | D:10     | Slain by an orc warrior

Skill      XL: |  1  2  3  4  5  6  7  8  9 10 11 12 |
---------------+-------------------------------------+-----
Slings         | 6 7 8 9 10 11 12 | 12.6
Fighting       | 2 3 4 6 7 9 |  9.5
Short Blades   | 2 3 4 5 10 11 | 11.8
Armour         | 1 2 5 6 |  6.2
Dodging        | 6 7 |  7.3
Invocations    | 4 5 |  5.0
Shields        | 2 3 |  3.3
Stealth        | |  1.1

Action                   |  1- 3 |  4- 6 |  7- 9 | 10-12 || total
-------------------------+-------+-------+-------+-------++-------
Melee: Dagger            |       |       |    39 |   312 ||   351
       Short sword       |       |       |    10 |       ||    10
       Punch             |       |       |       |     1 ||     1
 Fire: Hunting sling     |    83 |   133 |   224 |   690 ||  1130
Invok: Heroism           |       |       |       |    10 ||    10
  Use: Scroll            |     4 |     6 |     2 |       ||    12
       Potion            |       |     3 |     6 |     9 ||    18
 Stab: Sleeping          |       |       |     1 |       ||     1
  Eat: Chunk             |     1 |     4 |     9 |    17 ||    31
       Ration            |       |       |       |     1 ||     1
Armor: Leather armour    |       |     7 |    14 |    45 ||    66
       Robe              |       |     1 |       |       ||     1
       Skin              |       |     1 |       |       ||     1
Dodge: Dodged            |     9 |    24 |    48 |   249 ||   330
Block: Shield            |       |       |       |    99 ||    99
